 Dungeon Crawl Stone Soup version 0.17-a0-1181-gabc46e6 (webtiles) character file.

193 wotan the Ruffian (level 5, -2/45 HPs)
             Began as a Ghoul Monk on May 31, 2015.
             Slain by an iguana (4 damage)
             ... on level 6 of the Dungeon.
             The game lasted 00:14:31 (3029 turns).

wotan the Ruffian (Ghoul Monk)                      Turns: 3029, Time: 00:14:32

Health: -2/45      AC:  9    Str: 15    XL:     5   Next: 72%
Magic:  4/4        EV:  7    Int:  5    God:
Gold:   102        SH:  0    Dex: 12    Spells: 0 memorised, 4 levels left

rFire  . . .     SeeInvis .       - Unarmed
rCold  + . .     Clarity  .     e - +0 chain mail
rNeg   + + +     SustAt   .     (no shield)
rPois  ∞         Gourm    .     (no helmet)
rElec  .         Spirit   .     (no cloak)
rCorr  .         Warding  .     (no gloves)
rMut   .         Stasis   .     d - +0 pair of boots
MR     +....                    (no amulet)
Stlth  ..........               q - ring of protection from magic
                                g - ring of invisibility

@: rotting, somewhat resistant to hostile enchantments, extremely unstealthy
A: rotting body, claws 1, carnivore 3, cold resistance 1, negative energy
resistance 3, slow healing 1, torment resistance, unbreathing
a: Evoke Invisibility


You were on level 6 of the Dungeon.
You were not hungry.

You visited 1 branch of the dungeon, and saw 6 of its levels.

You collected 102 gold pieces.

Inventory:

Armour
 d - a +0 pair of boots (worn)
 e - a +0 chain mail (worn)
Jewellery
 g - a ring of invisibility (left claw)
 q - a ring of protection from magic (right claw)
Scrolls
 i - 2 scrolls of remove curse
Potions
 c - 2 potions of might
 h - a potion of poison {unknown}
 j - a potion of flight
 m - a potion of cancellation {unknown}
 o - a potion of brilliance {unknown}
 p - a potion of lignification {unknown}
Comestibles
 b - a meat ration
 l - a beef jerky


   Skills:
 - Level 3.3 Fighting
 - Level 3.0 Dodging
 - Level 2.1 Stealth
 + Level 7.2 Unarmed Combat


You had 4 spell levels left.
You didn't know any spells.

Dungeon Overview and Level Annotations

Branches:
Dungeon (6/15)
 Temple: D:4-7

Altars:
Elyvilon
Trog
Xom

Shops:
D:4 %

Annotations:
D:4 Dowan, Duvessa


Innate Abilities, Weirdness & Mutations

Your body is rotting away.
You thrive on raw meat.
You are immune to poison.
You have sharp fingernails.
You are carnivorous and can eat meat at any time.
Your flesh is cold resistant.
You are immune to negative energy.
You heal slowly when monsters are visible.
You are immune to unholy pain and torment.
You can survive without breathing.


Message History

The worker ant bites you.
* * * LOW HITPOINT WARNING * * *
Your chain mail prevents you from hitting the worker ant.
The worker ant is almost dead.
The worker ant bites you.
* * * LOW HITPOINT WARNING * * *
You claw the worker ant!
You kill the worker ant!
You closely miss the iguana.
The iguana bites you but does no damage.
Your chain mail prevents you from hitting the iguana.
The iguana bites you!
* * * LOW HITPOINT WARNING * * *
Drink which item? (? for menu, Esc to quit)
Okay, then.
Read which item? (? for menu, Esc to quit)
Okay, then.
You scratch the iguana but do no damage.
The iguana bites you.
You die...

####.# #.....
### ##..... .$
....... #.###
#..... ....
#..... ..#####
#.....##......#
#.....l@...#
#.....###..#
#..... .#
#..... #
....... #######


You could see an iguana.

Vanquished Creatures
  Natasha (D:2)
  A worker ant (D:6)
  The ghost of 4thArraOfDagon the Gusty, a weakling CeAE (D:4)
  5 adders (D:2)
  2 oozes (D:2)
  2 worms
  A giant gecko (D:3)
  5 orcs (D:3)
  A ball python (D:1)
  7 bats
  6 hobgoblins
  3 jackals (D:2)
  2 quokkas (D:2)
  7 giant cockroaches
  6 giant newts
  7 goblins
  6 kobolds
  7 rats
70 creatures vanquished.

Notes
Turn   | Place    | Note
--------------------------------------------------------------
     0 | D:1      | wotan the Ghoul Monk began the quest for the Orb.
     0 | D:1      | Reached XP level 1. HP: 19/19 MP: 0/0
   255 | D:1      | Reached XP level 2. HP: 24/26 MP: 1/1
   932 | D:2      | Reached skill level 5 in Unarmed Combat
   957 | D:2      | Reached XP level 3. HP: 29/31 MP: 2/2
  1136 | D:2      | Found a shimmering altar of Xom.
  1139 | D:2      | Found a bloodstained altar of Trog.
  1190 | D:2      | Reached XP level 4. HP: 38/38 MP: 3/3
  1460 | D:2      | Reached skill level 6 in Unarmed Combat
  1486 | D:2      | Noticed Natasha
  1497 | D:2      | Killed Natasha
  1755 | D:2      | Reached XP level 5. HP: 29/43 MP: 4/4
  2594 | D:3      | Found a white marble altar of Elyvilon.
  2912 | D:4      | Found Deucsok's Food Boutique.
  2937 | D:4      | Noticed Dowan
  2938 | D:4      | Noticed Duvessa
  2966 | D:4      | Noticed 4thArraOfDagon's ghost (weakling CeAE)
  2984 | D:4      | Killed 4thArraOfDagon's ghost
  2984 | D:4      | Reached skill level 7 in Unarmed Combat
  3004 | D:5      | Entered Level 5 of the Dungeon
  3004 | D:5      | Noticed an ice beast
  3028 | D:6      | HP: 2/45 [iguana (7)]
  3029 | D:6      | Slain by an iguana

Vault maps used:
D:1:      minmay_arrival_four_houses, roderic_serpentine_path
D:2:      amethyst_overflow_temple_binary, uniq_natasha
D:3:      nicolae_overflow_hidden_temple, hangedman_decor_push
D:4:      serial_shops, nicolae_shop_trees, uniq_duvessa
D:5:      nicolae_overflow_crystal_walls, first_bread, serial_shops, shop_statue
D:6:      grunt_temple_overflow_holy_war, minmay_temple_entry_hall,
          portal_sewer_entry_d

Action                   |  1- 3 |  4- 6 || total
-------------------------+-------+-------++-------
Melee: Unarmed           |    81 |   163 ||   244
  Use: Scroll            |     2 |     6 ||     8
       Potion            |       |     1 ||     1
  Eat: Chunk             |     1 |    13 ||    14
